 Dungeon Crawl Stone Soup version 0.27.0 (webtiles) character file.

Game seed: 16789208567168144305

6288 GnoME the Fighter (level 10, -6/68 HPs)
             Began as a Gargoyle Fighter on July 30, 2021.
             Was a Priest of Okawaru.
             Splashed by an orc warrior's acid (11 damage)
             ... on level 9 of the Dungeon.
             The game lasted 00:16:28 (10062 turns).

GnoME the Fighter (Gargoyle Fighter)               Turns: 10062, Time: 00:16:29

Health: -6/68      AC: 13    Str: 23    XL:     10   Next: 94%
Magic:  10/10      EV:  7    Int:  9    God:    Okawaru [***...]
Gold:   541        SH: 12    Dex: 15    Spells: 9/9 levels left

rFire    . . .     SeeInvis .   n - +2 hand axe (venom)
rCold    + . .     Faith    .   c - +0 kite shield
rNeg     + . .     Spirit   .   w - +1 chain mail {rC+}
rPois    ∞         Reflect  .   E - +0 helmet
rElec    +         Harm     .   (no cloak)
rCorr    .         Rampage  .   (no gloves)
Will     .....                  p - +0 pair of boots
Stlth    ..........             (no amulet)
HPRegen  0.21/turn              I - +6 ring of dexterity
MPRegen  0.12/turn              F - +4 ring of protection

@: corroded
A: sickness immunity, AC +7, negative energy resistance 1, electricity
resistance, torment resistance 1, petrification resistance
a: Renounce Religion, Heroism


You were on level 9 of the Dungeon.
You worshipped Okawaru.
Okawaru was most pleased with you.
You visited 2 branches of the dungeon, and saw 10 of its levels.

You collected 583 gold pieces.
You spent 42 gold pieces at shops.

Inventory:

Hand Weapons
 a - a +0 war axe
 n - a +2 hand axe of venom (weapon)
   (You took it off an orc on level 3 of the Dungeon)
Missiles
 k - 174 stones (quivered)
 s - 20 sling bullets
 t - 8 javelins
 G - 2 curare-tipped darts
 L - 31 poisoned darts
Armour
 c - a +0 kite shield (worn)
 p - a +0 pair of boots (worn)
   (You found it on level 3 of the Dungeon)
 w - a +1 chain mail of cold resistance (worn)
   (You took it off an orc warrior on level 5 of the Dungeon)
 E - a +0 helmet (worn)
   (You found it on level 7 of the Dungeon)
 J - a +1 helmet
   (You found it on level 8 of the Dungeon)
Jewellery
 y - a ring of protection from cold
   (You took it off a centaur on level 6 of the Dungeon)
 B - a ring of see invisible
   (You found it on level 6 of the Dungeon)
 F - a +4 ring of protection (right hand)
   (You found it on level 7 of the Dungeon)
 I - a +6 ring of dexterity (left hand)
   (You found it on level 8 of the Dungeon)
 N - an amulet of faith
   (You found it on level 9 of the Dungeon)
Wands
 o - a wand of flame (12)
   (You found it on level 6 of the Dungeon)
 K - a wand of iceblast (5)
   (You found it on level 8 of the Dungeon)
 M - a wand of charming (6)
   (You found it on level 9 of the Dungeon)
 P - a wand of mindburst (14)
   (You found it on level 9 of the Dungeon)
Scrolls
 b - 5 scrolls of fog {unknown}
 e - 3 scrolls of amnesia {unknown}
 f - 3 scrolls of enchant weapon {unknown}
 g - 4 scrolls of teleportation {unknown}
 j - 10 scrolls of identify {unknown}
 l - a scroll of fear {unknown}
 m - a scroll of summoning {unknown}
 q - a scroll of enchant armour {unknown}
 r - 2 scrolls of blinking {unknown}
 u - a scroll of holy word {unknown}
 v - 2 scrolls of vulnerability {unknown}
 x - a scroll of immolation {unknown}
 A - 2 scrolls of noise {unknown}
 C - a scroll of magic mapping {unknown}
Potions
 h - 2 potions of invisibility {unknown}
 i - 5 potions of curing
 z - a potion of brilliance {unknown}
 D - 2 potions of attraction {unknown}
 H - a potion of berserk rage {unknown}
 O - a potion of mutation {unknown}


   Skills:
 + Level 10.1 Fighting
 + Level 8.2 Axes
 + Level 7.5 Armour
 + Level 10.0 Shields


You had 9 spell levels left.
You didn't know any spells.
Your spell library contained the following spells:

 Spells                   Type           Power      Damage    Failure   Level
 Animate Skeleton         Necr           0%         N/A       99%         1
 Corona                   Hex            0%         N/A       99%         1
 Pain                     Necr           0%         1d4       99%         1
 Ensorcelled Hibernation  Hex/Ice        0%         N/A       100%        2
 Passwall                 Tmut/Erth      0%         N/A       100%        2
 Spider Form              Tmut/Pois      0%         N/A       100%        3
 Swiftness                Air            0%         N/A       100%        3
 Tukima's Dance           Hex            0%         N/A       100%        3
 Vampiric Draining        Necr           0%         2d6       100%        3
 Passage of Golubria      Tloc           N/A        N/A       100%        4
 Yara's Violent Unravell  Hex/Tmut       0%         3d3       100%        5
 Invisibility             Hex            0%         N/A       100%        6
 Shadow Creatures         Summ           N/A        N/A       100%        6


Dungeon Overview and Level Annotations

Branches:
Dungeon (9/15)             Temple (1/1) D:7
   Lair: D:8-11         Orc: D:9-12

Altars:
Ashenzari
Cheibriados
Dithmenos
Elyvilon
Gozag
Hepliaklqana
Makhleb
Nemelex Xobeh
Okawaru
Qazlal
Ru
Sif Muna
Trog
Vehumet
Wu Jian
Xom
Yredelemnul
Zin
The Shining One

Shops:
D:1 (   D:5 [   D:6 !!

Annotations:
D:4 3 runed translucent doors, serketcity's ghost, amateur MiFi


Innate Abilities, Weirdness & Mutations

You are immune to sickness and miasma.
Your stone body is resilient. (AC +7)
You are immune to poison.
You resist negative energy. (rN+)
You are resistant to electric shocks. (rElec)
You are resistant to unholy torment.
You are immune to petrification.


Message History

You slash the orc warrior!
You kill the orc warrior!
Okawaru accepts your kill.
No target in view!
No target in view!
HP restored.
Things that are here:
a +0 hand axe; a +0 plate armour; an orc corpse Health restored: 68 You now have 469 gold pieces (gained 7).
Things that are here:
a +0 morningstar; a +0 robe An orc priest comes into view.
It is wielding a +0 flail.
The orc priest shouts!
An orc warrior comes into view. It is wielding a +0 hand axe.
An orc comes into view. It is wielding a +0 dagger.
The orc warrior shouts!
The orc shouts!
The orc moves out of view.
The orc warrior hits you but does no damage.
You block the orc priest's attack.
You hit the orc warrior.
The orc warrior is poisoned.
The orc warrior is lightly wounded.
You hit the orc priest.
The orc priest is poisoned.
You block the orc warrior's attack. You block the orc priest's attack.
You hit the orc priest.
The orc priest looks as sick as possible!
The orc priest is almost dead.
You hit the orc warrior.
The orc warrior looks as sick as possible!
You kill the orc priest!
Okawaru accepts your kill. You block the orc warrior's attack.
You hit the orc warrior but do no damage.
The orc warrior looks as sick as possible!
The orc warrior is moderately wounded.
The orc warrior hits you with a +0 hand axe.
You take 2 damage, and have 66/68 hp.
You hit the orc warrior but do no damage.
The orc warrior looks as sick as possible!
The orc warrior is heavily wounded.
You closely miss the orc. The orc hits you but does no damage.
You block the orc warrior's attack.
You hit the orc warrior.
The orc warrior looks as sick as possible!
The orc warrior is severely wounded.
You hit the orc.
The orc is poisoned.
You block the orc's attack. You block the orc warrior's attack.
You hit the orc warrior.
You kill the orc warrior!
Okawaru accepts your kill.
You hit the orc.
You kill the orc!
Okawaru accepts your kill.
No target in view!
No target in view!
You now have 482 gold pieces (gained 13).
Things that are here:
a +0 dagger; a +0 leather armour Health restored: 68
Things that are here:
a +0 hand axe; a +0 plate armour
Things that are here:
a +0 flail; an orc corpse You now have 500 gold pieces (gained 18).
You now have 513 gold pieces (gained 13).
There is a stone staircase leading down here.
A bullfrog comes into view.
The bullfrog gives a loud, deep croak!
The bullfrog hits you but does no damage.
You slash the bullfrog!
The bullfrog is poisoned.
The bullfrog is moderately wounded.
You block the bullfrog's attack. The bullfrog closely misses you.
You hit the bullfrog.
The bullfrog is severely wounded.
The bullfrog hits you but does no damage.
You slash the bullfrog!
The bullfrog looks as sick as possible!
The bullfrog is almost dead.
The bullfrog barely misses you. You block the bullfrog's attack.
You slash the bullfrog!
You kill the bullfrog!
Okawaru accepts your kill.
Your Shields skill increases to level 10!
No target in view!
r - 2 scrolls labelled LECIZX EGOSUEH (gained 1)
You now have 531 gold pieces (gained 18).
You see here a +0 ring mail.
A centaur comes into view.
A centaur is nearby!
The centaur wields a +0 shortbow.
The centaur shoots an arrow.
The arrow barely misses you.
The centaur drinks a potion.
The centaur seems to speed up.
The centaur unwields a +0 shortbow.
You block the centaur's attack. x2
You slash the centaur!
The centaur is poisoned.
The centaur is moderately wounded.
You block the centaur's attack. x2
The centaur hits you but does no damage.
You block the centaur's attack.
You slash the centaur!
You kill the centaur!
Okawaru accepts your kill.
No target in view!
No target in view!
b - 5 scrolls labelled QEKION ONOMI (gained 1)
You now have 541 gold pieces (gained 10).
Things that are here:
a +0 shortbow; 26 arrows An orc warrior comes into view.
It is wielding a +0 trident and carrying a wand of acid (5).
Things that are here:
10 arrows; a +0 shortbow; 15 gold pieces The orc warrior shouts!
The orc warrior zaps a wand.
The bolt of acid hits you! The acid corrodes you!
You are splashed with acid!
You take 24 damage, and have 44/68 hp.
MASSIVE DAMAGE!!
You hit the orc warrior but do no damage.
The orc warrior hits you with a +0 trident.
You take 1 damage, and have 43/68 hp.
You hit the orc warrior but do no damage.
You block the orc warrior's attack.
You hit the orc warrior.
The orc warrior is lightly wounded.
You hit the orc warrior.
The orc warrior is poisoned.
The orc warrior is moderately wounded.
You block the orc warrior's attack.
You hit the orc warrior but do no damage.
The orc warrior looks even sicker.
The orc warrior is moderately wounded.
The orc warrior zaps a wand.
The bolt of acid misses you.
Unknown command.
You hit the orc warrior.
The orc warrior looks as sick as possible!
The orc warrior is moderately wounded.
You block the orc warrior's attack.
You hit the orc warrior.
The orc warrior looks as sick as possible!
The orc warrior is severely wounded.
The orc warrior zaps a wand.
The bolt of acid hits you. The acid corrodes you!
You are splashed with acid!
You take 13 damage, and have 31/68 hp.
You hit the orc warrior.
The orc warrior looks as sick as possible!
The orc warrior is severely wounded.
You block the orc warrior's attack.
You barely miss the orc warrior.
The orc warrior is severely wounded.
The orc warrior zaps a wand.
The bolt of acid hits you!!
* * * LOW HITPOINT WARNING * * *
The acid corrodes you!
You are splashed with acid!
You die...

##........
##........
#........ ..
#....#.. .#
#....#.###.# ###
##....#.....# ..
#..#[...)#.. .#
#.###....#.###o#
###. #.#
##...#...@.#.....
#.#
##.....#.....#
##.#
#.....#.###$#
#..#
#.#...#((...#
##.##
#.##....(#.....
#..# #........#
###. #.##
###..#...# ##.#
#.###..[... #..#
#.# ##.....


You could see an orc warrior (extremely poisoned).

Vanquished Creatures
  A centaur warrior (D:9)
  Grinder (D:6)
  2 wraiths
  A vampire (D:7)
  A yak (D:9)
  Menkaure (D:6)
  3 ice beasts
  A hornet zombie (D:7)
  2 black bears
  2 sky beasts (D:5)
  2 ogres (D:6)
  8 orc warriors
  4 centaurs
  Blork the orc (D:4)
  5 kobold brigands
  4 bullfrogs
  A wyvern zombie (D:8)
  3 scorpions
  2 water moccasin skeletons
  10 killer bees
  4 howler monkeys
  2 wights
  3 centaur zombies
  5 orc priests
  7 hounds
  4 iguanas
  2 jellies
  A centaur skeleton (D:7)
  6 orc wizards
  A hound zombie (D:5)
  2 howler monkey skeletons
  8 adders
  4 gnolls
  A shadow imp (D:7)
  A white imp (D:8)
  An ufetubus (D:6)
  2 worms
  3 dart slugs
  29 orcs
  5 endoplasms
  2 giant cockroaches
  7 goblins
  3 hobgoblins
  4 jackals (D:4)
  3 quokkas
  7 ball pythons
  5 bats
  2 frilled lizards (D:3)
  25 kobolds
  6 rats
210 creatures vanquished.

Notes
Turn   | Place    | Note
-------+----------+-------------------------------------------
     0 | D:1      | GnoME the Gargoyle Fighter began the quest for the Orb.
     0 | D:1      | Reached XP level 1. HP: 14/14 MP: 1/1
   213 | D:1      | Reached XP level 2. HP: 18/19 MP: 2/2
   244 | D:1      | Found Tuploo's Antique Weapon Boutique.
   618 | D:1      | Found a faded altar of an unknown god.
  1022 | D:2      | Reached XP level 3. HP: 24/24 MP: 3/3
  1991 | D:3      | Found a bloodstained altar of Trog.
  2050 | D:3      | Reached XP level 4. HP: 29/29 MP: 4/4
  2735 | D:4      | Reached XP level 5. HP: 21/34 MP: 5/5
  2996 | D:4      | Found a runed translucent gate.
  3195 | D:4      | Found a runed translucent gate.
  3195 | D:4      | Found an opulent altar of Gozag.
  3195 | D:4      | Noticed a kobold brigand
  3196 | D:4      | Found a runed translucent gate.
  3196 | D:4      | Noticed an orc warrior
  3196 | D:4      | Noticed serketcity's ghost (amateur MiFi)
  3230 | D:4      | Noticed a black bear
  3243 | D:4      | Killed a black bear
  3244 | D:4      | Reached skill level 5 in Fighting
  3244 | D:4      | Reached XP level 6. HP: 22/40 MP: 6/6
  3294 | D:4      | Reached skill level 5 in Shields
  3397 | D:4      | Noticed Blork the orc
  3413 | D:4      | Killed Blork the orc
  3742 | D:4      | Reached XP level 7. HP: 44/44 MP: 7/7
  3866 | D:5      | Entered Level 5 of the Dungeon
  4548 | D:5      | Reached skill level 5 in Axes
  4548 | D:5      | Reached XP level 8. HP: 44/52 MP: 8/8
  4725 | D:5      | Found Quv Sana's Armour Shop.
  5209 | D:6      | Noticed Menkaure
  5853 | D:6      | Noticed Grinder
  5858 | D:6      | Paralysed by Grinder for 3 turns
  5865 | D:6      | Killed Grinder
  5866 | D:6      | Reached XP level 9. HP: 49/59 MP: 9/9
  5920 | D:6      | Found Daoxirph's Distillery.
  6454 | D:6      | Found Poclacsu's Distillery.
  6462 | D:6      | Bought a potion of curing for 42 gold pieces
  6710 | D:6      | Killed Menkaure
  7055 | D:7      | Found a staircase to the Ecumenical Temple.
  7129 | Temple   | Entered the Ecumenical Temple
  7156 | Temple   | Became a worshipper of Warmaster Okawaru
  7333 | D:7      | Reached skill level 5 in Armour
  8001 | D:7      | Reached * piety under Okawaru
  8002 | D:7      | Reached XP level 10. HP: 18/66 MP: 10/10
  9342 | D:9      | Reached ** piety under Okawaru
  9523 | D:9      | Noticed a centaur warrior
  9552 | D:9      | Killed a centaur warrior
  9552 | D:9      | Reached *** piety under Okawaru
  9774 | D:9      | Reached skill level 10 in Fighting
 10009 | D:9      | Reached skill level 10 in Shields
 10062 | D:9      | Splashed by an orc warrior's acid

Illustrated notes

Levels and vault maps discovered:
D:1:      psy_arrival_whirlpool, layout_basic, shapermc_ecumenical_altar_venn,
          serial_shops, shop
D:2:      layout_basic
D:3:      layout_basic, nicolae_overflow_hidden_temple
D:4:      layout_rooms, ebering_ghost_gozag, uniq_blork_the_orc
D:5:      layout_rooms, serial_shops, shop
D:6:      minmay_skewed_foursquare, layout_loops_corners, serial_shops, shop,
          nicolae_take_the_stairs, hangedman_decor_riveting, uniq_grinder,
          uniq_menkaure
D:7:      layout_loops_ring, minmay_temple_entry_grid,
          minmay_fractal_squares_gapless_5
D:8:      layout_loops_ring, nicolae_zen_rock_garden
D:9:      hangedman_cross_stitches, layout_layer_cave
Temple:   regret_index_temple_mists

Skill      XL: |  1  2  3  4  5  6  7  8  9 10 |
---------------+-------------------------------+-----
Axes           | 2 3 4 5 6 7 8 |  8.2
Fighting       | 4 5 6 7 9 10 | 10.1
Shields        | 4 5 6 7 8 10 | 10.0
Armour         | 5 7 |  7.5

Action                   |  1- 3 |  4- 6 |  7- 9 | 10-12 || total
-------------------------+-------+-------+-------+-------++-------
Melee: War axe           |   107 |       |       |       ||   107
       Hand axe          |     8 |    72 |   382 |   205 ||   667
Throw: Stone             |       |     3 |       |       ||     3
       Javelin           |       |       |     1 |       ||     1
  Use: Potion            |       |       |       |     1 ||     1
Armor: Scale mail        |    51 |       |       |       ||    51
       Chain mail        |     3 |    61 |   203 |   174 ||   441
       Skin              |       |       |     4 |       ||     4
Dodge: Dodged            |    32 |    11 |    70 |    79 ||   192
Block: Kite shield       |    84 |    60 |   201 |   178 ||   523
